 Dungeon Crawl Stone Soup version 0.29.1-12-g30fa7ad0bf (webtiles) character file.

Game seed: 7210630949001056161

15 hawla the Chiller (level 2, -2/20 HPs)
             Began as a Meteoran Ice Elementalist on Jan 5, 2023.
             Slain by a hobgoblin (3 damage)
             ... on level 3 of the Dungeon.
             The game lasted 00:01:39 (370 turns).

hawla the Chiller (Meteoran Ice Elementalist)        Turns: 370, Time: 00:01:40

Health: -2/20      AC:  2    Str:  9    XL:     2   Next: 88%
Magic:  6/7        EV: 12    Int: 16    God:
Gold:   16         SH:  0    Dex: 14    Spells: 6/7 levels left

rFire   . . .      SeeInvis .   d - +0 falchion
rCold   . . .      Faith    .   (no shield)
rNeg    . . .      Spirit   .   a - +0 robe
rPois   .          Reflect  .   (no helmet)
rElec   .          Harm     .   (no cloak)
rCorr   .          Rampage  .   (no gloves)
Will    .....                   (no boots)
Stlth   +.........              (no amulet)
HPRegen 0.06/turn               (no ring)
MPRegen 0.10/turn               (no ring)

@: lethally poisoned (-2 -> -10), glowing
A: sense surroundings 1, otherworldly, glowing, explore regen
a: no special abilities


You were on level 3 of the Dungeon.
You visited 1 branch of the dungeon, and saw 3 of its levels.

You collected 16 gold pieces.

Inventory:

Hand Weapons
 d - a +0 falchion (weapon)
Armour
 a - a +0 robe (worn)
 c - a +0 pair of gloves
Wands
 e - a wand of polymorph (7)
Scrolls
 f - a scroll of fear {unknown}
 h - a scroll of poison {unknown}
Potions
 b - a potion of magic
 i - a potion of flight {unknown}


   Skills:
 + Level 0.1 Long Blades
 + Level 2.4 Dodging
 - Level 1.4 Stealth
 + Level 3.0 Spellcasting
 + Level 4.9 Ice Magic


You had 6 spell levels left.
You knew the following spells:

 Your Spells              Type           Power      Damage    Failure   Level
a - Freeze                Ice            72%        1d9       2%          1

Your spell library contained the following spells:

 Spells                   Type           Power      Damage    Failure   Level
 Frozen Ramparts          Ice            36%        1d6       8%          3
 Ozocubu's Armour         Ice            18%        N/A       8%          3
 Hailstorm                Conj/Ice       10%        3d5       56%         4


Dungeon Overview and Level Annotations

Branches:
Dungeon (3/15) Zot: 1428

Altars:

Annotations:
D:3 2 transporters, swagmaster's ghost, weakling GrBe


Innate Abilities, Weirdness & Mutations

You passively map a small area around you.
You are easily found by Zot.
You glow in the dark.
You regain HP and MP as you explore.


Message History

A kobold comes into view.
It is wielding a +0 dagger and quivering poisoned darts.
The kobold shouts!
The hobgoblin shouts!
A hobgoblin comes into view.
The hobgoblin shouts!
The kobold throws a poisoned dart.
The poisoned dart hits you!
You are poisoned.
You feel sick.
You hit the hobgoblin.
The hobgoblin is severely wounded.
You feel very sick.
The kobold throws a poisoned dart.
The poisoned dart hits you.
You are more poisoned.
The hobgoblin closely misses you.
The kobold throws a poisoned dart.
The poisoned dart hits you!
You are lethally poisoned!
The hobgoblin hits you but does no damage.
You hit the hobgoblin but do no damage.
The hobgoblin is severely wounded.
You feel very sick. The hobgoblin hits you.
Unknown command.
Casting: Freeze (safe; 2% risk of failure)
Confirm with . or Enter, or press ? or * to list all spells.
Aiming: Freeze (safe; 2% risk of failure)
Press: ? - help, Shift-Dir - straight line, f - hobgoblin
Aim: a hobgoblin You freeze the hobgoblin.
The hobgoblin is almost dead.
* * * LOW HITPOINT WARNING * * *
You feel very sick. The hobgoblin hits you.
* * * LOW HITPOINT WARNING * * *
The hobgoblin hits you.
* * * LOW HITPOINT WARNING * * *
It was a potion of cancellation.
You feel magically purged.
* * * LOW HITPOINT WARNING * * *
You feel sick.
The kobold throws a poisoned dart.
The poisoned dart completely misses you.
The hobgoblin closely misses you. The hobgoblin hits you.
You die...

#.##.#.####* ** * #.
#.#.# #........#
#.##.#.# #........ ,
#......# #.......#
####.### #.......# *
####.#### #.......# ,
#.......# #.......#
#.##.##.# #..ggK..### #
*#.##.# #@......# ,
#....# #.#####.# *,
###..# ##.####
########..# #.....#*
~~~~......# #..##.##.
########.#####.........
#.......########
#########


You could see 2 hobgoblins and a kobold.

Vanquished Creatures
  A dart slug (D:1)
  2 orcs (D:3)
  A hobgoblin (D:3)
  A bat (D:3)
  A frilled lizard (D:3)
  4 kobolds
  A rat (D:2)
11 creatures vanquished.

Notes
Turn   | Place    | Note
-------+----------+-------------------------------------------
     0 | D:1      | hawla the Meteoran Ice Elementalist began the quest for the
                  | Orb.
     0 | D:1      | Reached XP level 1. HP: 14/14 MP: 5/5
    36 | D:2      | Reached XP level 2. HP: 20/20 MP: 4/6
    78 | D:2      | Found a faded altar of an unknown god.
   165 | D:3      | Found a transporter.
   172 | D:3      | Found a transporter.
   172 | D:3      | Noticed swagmaster's ghost (weakling GrBe)
   370 | D:3      | HP: 1/20 [poisoned by a kobold]
   370 | D:3      | Slain by a hobgoblin

Illustrated notes

Levels and vault maps discovered:
D:1:      minmay_arrival_four_houses, layout_rooms
D:2:      layout_basic, serial_shops, nicolae_shop_waterfront,
          ebering_ecumenical_altar_ruins, basic_altar, minmay_misc_feat_pillars
D:3:      layout_loops_cross, portal_sewer_entry_d, gammafunk_ghost_arena

Skill      XL: |  1  2 |
---------------+-------+-----
Spellcasting   | 3 |  3.0
Long Blades    | |  0.1
Dodging        | |  2.4
Stealth        | |  1.4
Ice Magic      | |  4.9

Action                   || total
-------------------------++-------
Melee: Falchion          ||     6
 Cast: Freeze            ||    14
  Use: Scroll            ||     1
       Potion            ||     1
Armor: Robe              ||    11
Dodge: Dodged            ||    22
